cohdb
Replays
Latest Replays
All Replays
Popular Replays
Top Player Replays
Match Explorer
How It Works
Community
CoH3 Stats
Reddit
Sign in to upload your games and track your stats! →
Sign in with Steam
Match 41118536
Unlisted
Match 41118536
Overview
Messages
Build Orders
End
Kradschützen Motorcycle Team
Panzergrenadier Squad
Selects Battlefield Espionage Battlegroup
Panzergrenadier Squad
Construct Light Support Kompanie
Selects Intel Disruption Beacon
Panzergrenadier Squad
MG34 Team
Construct Mechanized Kompanie
8 Rad Armored Car
Panzerjäger Squad
Fire Support Elements
Selects Transfer Depots
Pak 38 Mechanized Group
Selects 250/3 Funkpanzerwagen
Selects Anti-Tank Incendiary Munitions
Construct Panzerarmee Kommand
Selects Firestorm
Firestorm
Panzer III L Medium Tank
Firestorm
Panzergrenadier Squad
Tungsten Core Ammunition
Firestorm
Panzer III L Medium Tank
MZMZ
jerjawe
Colonel_Me
General_Me
0
0
Comments
sign in to comment!
No comments posted yet!